 Dungeon Crawl Stone Soup version 0.19-a0-1720-gc855d72 (webtiles) character file.

879 JeffiDaFish the Sneak (level 7, -2/31 HPs)
             Began as a Spriggan Enchanter on Sept 29, 2016.
             Was an Initiate of Dithmenos.
             Slain by a wight
             ... wielding a cursed +2 great sword
              (7 damage)
             ... on level 6 of the Dungeon.
             The game lasted 00:21:11 (6296 turns).

JeffiDaFish the Sneak (Spriggan Enchanter)          Turns: 6296, Time: 00:21:12

Health: -2/31      AC:  5    Str:  5    XL:     7   Next: 75%
Magic:  17/25      EV: 20    Int: 17    God:    Dithmenos [......]
Gold:   282        SH:  0    Dex: 17    Spells: 4 memorised, 6 levels left

rFire  . . .     SeeInvis +     a - +4 dagger
rCold  + . .     Gourm    .     b - +2 robe
rNeg   . . .     Faith    .     (shield restricted)
rPois  .         Spirit   .     (helmet restricted)
rElec  .         Dismiss  .     (no cloak)
rCorr  .         Reflect  .     (gloves unavailable)
MR     +++..     Harm     .     (boots unavailable)
Stlth  ++++......               e - amulet of magic regeneration
                                p - ring of magical power
                                h - ring of protection from cold

@: very slightly contaminated, drained, very quick
A: unfitting armour, horns 1, see invisible, herbivore 3, speed 3, frail 1, high
mp 1, magic resistance 2, slow metabolism 2
a: Renounce Religion


You were on level 6 of the Dungeon.
You worshipped Dithmenos.
Dithmenos was noncommittal.
You were not hungry.

You visited 2 branches of the dungeon, and saw 7 of its levels.

You collected 282 gold pieces.

Inventory:

Hand Weapons
 a - a +4 dagger (weapon)
Armour
 b - a +2 robe (worn)
Jewellery
 e - an amulet of magic regeneration (around neck)
 h - a ring of protection from cold (left hand)
 p - a ring of magical power (right hand)
Scrolls
 l - 5 scrolls of remove curse
 n - 2 scrolls of fear
 o - a scroll of teleportation
 q - a scroll of enchant armour
 r - a scroll of identify
Potions
 g - 2 potions of haste
 j - a potion of magic
 k - 2 potions of curing
 m - a potion of berserk rage
Books
 c - a book of Maledictions

   Spells                             Type                      Level
   a - Corona                         Hexes                        1
   b - Ensorcelled Hibernation        Hexes/Ice                    2
   c - Confuse                        Hexes                        3
   d - Tukima's Dance                 Hexes                        3
   e - Dazzling Spray                 Conjuration/Hexes            3
 f - a book of Changes

   Spells                             Type                      Level
   a - Beastly Appendage              Transmutation                1
   b - Sticks to Snakes               Transmutation                2
   c - Spider Form                    Transmutation/Poison         3
   d - Ice Form                       Ice/Transmutation            4
   e - Blade Hands                    Transmutation                5
Comestibles
 d - 3 bread rations
 i - 4 fruits


   Skills:
 + Level 2.0 Fighting
 + Level 3.4 Short Blades
 + Level 4.9 Dodging
 + Level 7.3 Stealth
 + Level 4.5 Spellcasting
 + Level 5.1 Hexes
 * Level 3.3(3.2) Ice Magic


You had 6 spell levels left.
You knew the following spells:

 Your Spells              Type           Power        Failure   Level  Hunger
a - Corona                Hex            ###....      1%          1    None
b - Ensorcelled Hibernat  Hex/Ice        ###...       4%          2    ##.....
c - Confuse               Hex            ###.....     8%          3    ###....
d - Dazzling Spray        Conj/Hex       ##....       17%         3    ###....


Dungeon Overview and Level Annotations

Branches:
Dungeon (6/15)             Temple (1/1) D:5

Altars:
Ashenzari
Cheibriados
Dithmenos
Elyvilon
Fedhas
Gozag
Hepliaklqana
Kikubaaqudgha
Makhleb
Nemelex Xobeh
Okawaru
Qazlal
Ru
Sif Muna
Trog
Uskayaw
Vehumet
Xom
Yredelemnul
The Shining One

Annotations:
D:6 mandarbmax's ghost, novice FoFi


Innate Abilities, Weirdness & Mutations

You are very small and have problems with some larger weapons.
You are too small for most types of armour.
You have supernaturally acute eyesight. (SInv)
You are a herbivore.
You cover ground extremely quickly.
You need consume almost no food.
You have a pair of small horns on your head.
You are frail. (-10% HP)
You have an increased reservoir of magic. (+10% MP)
You are highly resistant to hostile enchantments. (MR++)


Message History

You are very lightly contaminated with residual magic.
Your skin tingles.
The wight completely misses you. Mandarbmax's ghost hits you!
* * * LOW HITPOINT WARNING * * *
Casting: Confuse
Confirm with . or Enter, or press ? or * to list all spells.
Aiming: Confuse
Press: ? - help, Shift-Dir - straight line, f/p - wight
Aim: a wight, wielding an enchanted great sword and wearing a robe (chance to defeat MR: 50%) Mandarbmax's ghost resists with almost no effort.
The wight hits you with a flail.
* * * LOW HITPOINT WARNING * * *
Mandarbmax's ghost hits you but does no damage.
There is an open door here.
You close the door.
Mandarbmax's ghost keens inconsolably.
You hit the wight.
The wight is lightly damaged.
The wight hits you with an enchanted great sword!
You die...

########## #
#........# #
##........# #
#.........# #
#..Wz@....# ######
######'###+####
#.##.###.............#
.......#.....W.......#
.......#.............#
.......#.............#
#+##'###.............#
.....)......#'########
............#..#


You could see a wight and mandarbmax's ghost.

Vanquished Creatures
  An ogre (D:5)
  2 centaurs (D:5)
  A bullfrog (D:5)
  A scorpion (D:6)
  2 wights (D:6)
  3 centaur skeletons (D:5)
  An orc priest (D:4)
  A jelly (D:5)
  Jessica (D:2)
  An iguana (D:5)
  Terence (D:3)
  An orc wizard (D:3)
  A worker ant zombie (D:5)
  A howler monkey zombie (D:5)
  7 adders
  An ooze (D:1)
  An adder zombie (D:5)
  5 worms
  An adder skeleton (D:5)
  3 dart slugs
  3 leopard geckos
  8 orcs
  3 ball pythons
  7 bats
  2 giant cockroaches
  4 goblins
  9 hobgoblins
  5 kobolds
  5 quokkas
  7 frilled lizards
  A leopard gecko skeleton (D:4)
  A quokka skeleton (D:5)
  6 rats
97 creatures vanquished.

Notes
Turn   | Place    | Note
-------+----------+-------------------------------------------
     0 | D:1      | JeffiDaFish the Spriggan Enchanter began the quest for the Orb.
     0 | D:1      | Reached XP level 1. HP: 9/9 MP: 5/5
   128 | D:1      | Reached XP level 2. HP: 13/13 MP: 7/7
   132 | D:1      | Learned a level 2 spell: Ensorcelled Hibernation
   378 | D:1      | Gained mutation: You are resistant to hostile enchantments. (MR+) [potion of mutation]
   378 | D:1      | Gained mutation: You have a pair of small horns on your head. [potion of mutation]
   378 | D:1      | Gained mutation: You are frail. (-10% HP) [potion of mutation]
   528 | D:1      | Reached skill level 5 in Stealth
  1163 | D:2      | Reached XP level 3. HP: 14/14 MP: 5/8
  1164 | D:2      | Gained mutation: You have an increased reservoir of magic. (+10% MP) [potion of mutation]
  1164 | D:2      | Gained mutation: You are highly resistant to hostile enchantments. (MR++) [potion of mutation]
  1627 | D:2      | Noticed Jessica
  1629 | D:2      | Killed Jessica
  1629 | D:2      | Reached XP level 4. HP: 18/18 MP: 10/10
  2119 | D:2      | Reached skill level 6 in Stealth
  2332 | D:3      | Reached skill level 1 in Ice Magic
  2414 | D:3      | Reached XP level 5. HP: 22/22 MP: 7/12
  2514 | D:3      | Found a faded altar of an unknown god.
  2538 | D:3      | Noticed Terence
  2542 | D:3      | Killed Terence
  2876 | D:3      | Learned a level 3 spell: Confuse
  2880 | D:3      | Learned a level 3 spell: Dazzling Spray
  3972 | D:4      | Reached XP level 6. HP: 26/26 MP: 7/13
  4211 | D:4      | Reached skill level 1 in Fighting
  4370 | D:4      | Found a blossoming altar of Fedhas.
  4370 | D:4      | Found a shattered altar of Ashenzari.
  4554 | D:5      | Entered Level 5 of the Dungeon
  4554 | D:5      | Found a staircase to the Ecumenical Temple.
  4573 | Temple   | Entered the Ecumenical Temple
  4668 | Temple   | Became a worshipper of Dithmenos the Shadowed
  5285 | D:5      | Reached XP level 7. HP: 23/29 MP: 15/15
  5429 | D:5      | Reached skill level 7 in Stealth
  6139 | D:6      | Reached skill level 5 in Hexes
  6263 | D:6      | Noticed mandarbmax's ghost (novice FoFi)
  6296 | D:6      | Slain by a wight

Vault maps used:
D:1:      dpeg_arrival_arbitrary_c, hex_tiny
D:2:      first_bread, uniq_jessica
D:3:      ecumenical_altar_1, uniq_terence
D:4:      gammafunk_temple_overflow_statue
Temple:   hc_temple_tempest_star

Skill      XL: |  1  2  3  4  5  6  7 |
---------------+----------------------+-----
Spellcasting   | 3 4 |  4.5
Stealth        | 5 6 7 |  7.3
Hexes          | 4 5 |  5.1
Ice Magic      | 1 2 3 |  3.3
Short Blades   | 2 3 |  3.4
Dodging        | 4 |  4.9
Fighting       | 1 2 |  2.0

Action                   |  1- 3 |  4- 6 |  7- 9 || total
-------------------------+-------+-------+-------++-------
Melee: Dagger            |   104 |   141 |    45 ||   290
       Headbutt          |     7 |    16 |     9 ||    32
 Cast: Ensorcelled Hiber |     3 |    25 |     7 ||    35
       Confuse           |       |    11 |     9 ||    20
       Corona            |       |     1 |       ||     1
  Use: Scroll            |     6 |     4 |     2 ||    12
       Potion            |     5 |     4 |     1 ||    10
 Stab: Sleeping          |    13 |    23 |     6 ||    42
       Confused          |       |     2 |     2 ||     4
       Distracted        |       |     1 |       ||     1
  Eat: Fruit             |       |     5 |       ||     5
       Bread ration      |       |       |     1 ||     1
Armor: Robe              |    15 |    10 |     2 ||    27
Dodge: Dodged            |    87 |   100 |    14 ||   201
